 Dungeon Crawl Stone Soup version 0.30-a0-121-gb27577e5d9 (webtiles) character file.

Game seed: 17705273664325667779

46 p0werm0de the Chopper (level 4, 0/60 HPs)
             Began as a Meteoran Chaos Knight on Sept 14, 2022.
             Was a Plaything of Xom.
             Slain by Pargi the hog (shapeshifter) (15 damage)
             ... on level 3 of the Dungeon.
             The game lasted 00:00:51 (589 turns).

p0werm0de the Chopper (Meteoran Chaos Knight)        Turns: 589, Time: 00:00:52

Health: 0/60       AC:  5    Str: 16    XL:     4   Next: 13%
Magic:  5/5        EV: 16    Int: 13    God:    Xom [......]
Gold:   46         SH:  0    Dex: 13    Spells: 3/3 levels left

rFire   . . .      SeeInvis .    a - +0 hand axe (vamp)
rCold   . . .      Faith    .    (no shield)
rNeg    . . .      Spirit   .    b - +2 leather armour
rPois   .          Reflect  .    (no helmet)
rElec   .          Harm     .    (no cloak)
rCorr   .          Rampage  .    (no gloves)
Will    .....                    (no boots)
Stlth   ..........               (no amulet)
HPRegen 0.20/turn                (no ring)
MPRegen 0.09/turn                (no ring)

@: agile, berserking, hasted and slowed, glowing, invisible (but backlit and
visible)
A: sense surroundings 1, otherworldly, glowing, explore regen
a: Renounce Religion


You were on level 3 of the Dungeon.
You worshipped Xom.
You were a very special plaything of Xom.
You visited 1 branch of the dungeon, and saw 3 of its levels.

You collected 46 gold pieces.

Inventory:

Hand Weapons
 a - a +0 vampiric hand axe (weapon)
Armour
 b - a +2 leather armour (worn)
Miscellaneous
 c - a piece from Xom's chessboard (15/15) (quivered)


   Skills:
 * Level 3.7 Fighting
 * Level 4.1 Axes
 * Level 3.1 Armour
 - Level 1.2 Dodging
 * Level 1.7 Evocations


You had 3 spell levels left.
You didn't know any spells.
Your spell library was empty.

Dungeon Overview and Level Annotations

Branches:
Dungeon (3/15) Zot: 1200

Altars:

Annotations:
D:3 Pargi


Innate Abilities, Weirdness & Mutations

You passively map a small area around you.
You are easily found by Zot.
You glow in the dark.
You regain HP and MP as you explore.


Message History

Pargi claws you but does no damage.
You can move again.
Unknown command.
You closely miss Pargi.
Pargi is moderately wounded.
You are engulfed in seething chaos.
You hear Xom's avuncular chuckle.
Pargi changes into a shapeshifter!
Pargi the shapeshifter changes into a hog!
You barely miss Pargi.
You are engulfed in seething chaos.
You feel yourself slow down.
You barely miss Pargi.
You are engulfed in seething chaos.
You feel as though you will be slow longer.
Pargi is engulfed in seething chaos.
Pargi seems to grow stronger.
Pargi barely misses you.
Pargi is engulfed in seething chaos.
Pargi suddenly seems more agile.
Pargi completely misses you.
You miss Pargi.
You are engulfed in seething chaos.
You feel agile all of a sudden.
You feel less confused.
Pargi is engulfed in seething chaos.
Pargi closely misses you.
You slash Pargi!
You feel better.
Pargi is moderately wounded.
You are engulfed in seething chaos.
You feel as though you will be slow longer.
Pargi is engulfed in seething chaos.
Pargi goes berserk!
Xom thinks this is hilarious!
Pargi bites you!
Pargi is engulfed in seething chaos.
Pargi bites you but does no damage.
You slash Pargi!
Pargi is severely wounded.
You are engulfed in seething chaos.
You feel more agile all of a sudden.
Pargi is engulfed in seething chaos.
Pargi bites you.
Pargi is engulfed in seething chaos.
Pargi flickers and vanishes!
Deactivating autopickup; reactivate with Ctrl-A.
Something bites you!
* * * LOW HITPOINT WARNING * * *
You slash something!
You are engulfed in seething chaos.
You feel yourself speed up. Something bites you!
You die... "This toy is broken."

, , * ,
#.#.(.....# ,
, ,
#.#..###### *
#...## , ,,,,
##...# , *
#..#.#
*######
##....# *
#.....*
##..####
#.....###..##
*
#.....@...##
#......{####
#......##
.......
##..... *
#.....*
#..... **
######


There were no monsters in sight!

Vanquished Creatures
  An adder (D:3)
  3 worms (D:2)
  2 ball pythons
  4 bats
  2 endoplasms
  3 giant cockroaches
  3 goblins
  4 hobgoblins
  2 quokkas (D:1)
  2 frilled lizards (D:2)
  A rat (D:1)
27 creatures vanquished.

Notes
Turn   | Place    | Note
-------+----------+-------------------------------------------
     0 | D:1      | p0werm0de the Meteoran Chaos Knight began the quest for the
                  | Orb.
     0 | D:1      | Reached XP level 1. HP: 19/19 MP: 2/2
    18 | D:1      | Reached XP level 2. HP: 26/26 MP: 3/3
    97 | D:1      | Reached skill level 1 in Evocations
   106 | D:1      | XOM: silly message
   226 | D:2      | Found a faded altar of an unknown god.
   256 | D:2      | Reached XP level 3. HP: 11/31 MP: 4/4
   274 | D:2      | XOM: divination: detect creatures
   351 | D:2      | Reached skill level 4 in Axes
   473 | D:3      | Reached XP level 4. HP: 19/40 MP: 5/5
   569 | D:3      | Noticed Pargi
   578 | D:3      | XOM: confusion
   579 | D:3      | XOM: chaos cloud
   580 | D:3      | Paralysed by you for 3 turns
   583 | D:3      | Noticed Pargi
   583 | D:3      | Pargi changed into Pargi the shapeshifter
   583 | D:3      | XOM: polymorph Pargi -> Pargi the shapeshifter
   583 | D:3      | Noticed Pargi
   583 | D:3      | Pargi the shapeshifter changed into Pargi the hog
   589 | D:3      | Slain by Pargi the hog (shapeshifter)

Illustrated notes

Levels and vault maps discovered:
D:1:      tarquinn_simple_flora_water_e, layout_basic, minmay_tripent
D:2:      layout_basic, shapermc_ecumenical_altar_pompeii
D:3:      layout_basic, evilmike_ruin_ashenzari, uniq_pargi

Skill      XL: |  1  2  3 |
---------------+----------+-----
Evocations     | 1 |  1.7
Axes           | 4 |  4.1
Armour         | 3 |  3.1
Fighting       | |  3.7
Dodging        | |  1.2

Action                   |  1- 3 |  4- 6 || total
-------------------------+-------+-------++-------
Melee: Hand axe          |    86 |    19 ||   105
       Punch             |     1 |       ||     1
  Use: Scroll            |     2 |     4 ||     6
Armor: Leather armour    |    40 |    11 ||    51
Dodge: Dodged            |    43 |    15 ||    58

Table legend: (Time is in decaauts)
 A = Elapsed time spent in this place.
 B = Non-inter-level travel time spent in this place.
 C = Inter-level travel time spent in this place.
 D = Time resting spent in this place.
 E = Time spent auto-exploring this place.
 F = Levels seen in this place.
 G = Mean time per level.
                   A        B        C        D        E       F      G
               +--------+--------+--------+--------+--------+-----+--------+
         Total |    598 |    581 |     17 |      0 |    349 |   3 |  199.3 |
       Dungeon |    598 |    581 |     17 |      0 |    349 |   3 |  199.3 |
               +--------+--------+--------+--------+--------+-----+--------+

Top non-repeatable levels by time:
     D:2: 347 daAuts
     D:1: 126 daAuts
     D:3: 124 daAuts
